[ AOE2 MATCH · #505171477 ]
UnrankedKhmer vs Bengalis
Player's team · LOSS
Rival team · WIN
[ REPLAY ANALYSIS · EXTRACTED FROM THE RECORDED GAME ]
Feudal
8:02
Castle
—
Imperial
—
| APM avg | 110.3 |
| APM peak | 178 |
| eAPM avg | 67.8 |
| Villagers / military | 103 / 156 |
Focus
⚔️ 80.2% · 🌾 19.8%
Scout Cavalry ×108 · Archer ×34 · Skirmisher ×14
Feudal
9:41
Castle
28:54
Imperial
—
| APM avg | 84.9 |
| APM peak | 132 |
| eAPM avg | 32.0 |
| Villagers / military | 105 / 105 |
Focus
⚔️ 50.3% · 🌾 49.7%
Battle Elephant ×43 · Spearman ×34 · Archer ×24 · Militia ×4
Match map
Initial resources + every placement click. Lines = walls · curves = elevation contours. ◆ gold · ⬟ stone · ● berries · ✦ relic · ◌ wall gap
Your base· Open — unwalled flank
hK | Romell13's base· Open — 2t gap
Smoothed initial terrain · ◌ = detected wall gap · hover for details
Inputs per minute
— XEVER | Rivux - - hK | Romell13
Build order — XEVER | Rivux
First 150 of 358 actions detected
| 0:00 | Create | Villager (Male) |
| 0:01 | Create | Villager (Male) |
| 0:01 | Create | Villager (Male) |
| 0:02 | Create | Villager (Male) |
| 0:02 | Create | Villager (Male) |
| 0:02 | Create | Villager (Male) |
| 0:02 | Create | Villager (Male) |
| 0:03 | Build | House |
| 0:04 | Build | House |
| 1:24 | Create | Villager (Male) |
| 1:59 | Create | Villager (Male) |
| 2:13 | Create | Villager (Male) |
| 2:13 | Create | Villager (Male) |
| 2:51 | Create | Villager (Male) |
| 2:55 | Create | Villager (Male) |
| 2:55 | Create | Villager (Male) |
| 3:01 | Build | Lumber Camp |
| 3:35 | Create | Villager (Male) |
| 3:35 | Create | Villager (Male) |
| 3:36 | Create | Villager (Male) |
| 3:53 | Build | House |
| 3:56 | Create | Villager (Male) |
| 3:56 | Create | Villager (Male) |
| 4:51 | Create | Villager (Male) |
| 5:22 | Research | Loom |
| 5:52 | Research | Feudal Age |
| 5:52 | Research | Feudal Age |
| 6:25 | Build | Mill |
| 6:40 | Build | House |
| 7:52 | Create | Villager (Male) |
| 8:02 | Age | Feudal Age |
| 8:04 | Build | Stable |
| 8:09 | Research | Double-Bit Axe |
| 8:25 | Create | Villager (Male) |
| 8:28 | Research | Horse Collar |
| 8:28 | Research | Horse Collar |
| 8:39 | Build | House |
| 8:45 | Create | Scout Cavalry |
| 8:45 | Create | Scout Cavalry |
| 8:58 | Create | Villager (Male) |
| 8:59 | Create | Villager (Male) |
| 8:59 | Create | Villager (Male) |
| 9:09 | Build | Farm |
| 9:16 | Build | Farm |
| 9:19 | Create | Villager (Male) |
| 9:31 | Build | Farm |
| 9:39 | Create | Villager (Male) |
| 9:53 | Build | Farm |
| 10:02 | Create | Scout Cavalry |
| 10:13 | Create | Villager (Male) |
| 10:16 | Build | Farm |
| 10:43 | Create | Villager (Male) |
| 10:44 | Create | Scout Cavalry |
| 10:46 | Build | Farm |
| 10:57 | Create | Villager (Male) |
| 10:59 | Build | Farm |
| 11:15 | Create | Scout Cavalry |
| 11:21 | Create | Villager (Male) |
| 11:21 | Create | Villager (Male) |
| 11:25 | Build | Farm |
| 11:41 | Create | Villager (Male) |
| 11:48 | Build | Farm |
| 11:54 | Build | Palisade Wall |
| 11:57 | Build | Palisade Wall |
| 11:58 | Build | Palisade Wall |
| 12:00 | Build | House |
| 12:01 | Build | Palisade Wall |
| 12:16 | Create | Villager (Male) |
| 12:19 | Build | Farm |
| 12:29 | Create | Scout Cavalry |
| 12:30 | Create | Scout Cavalry |
| 12:44 | Create | Villager (Male) |
| 12:52 | Create | Scout Cavalry |
| 13:07 | Build | Blacksmith |
| 13:15 | Create | Villager (Male) |
| 13:15 | Create | Scout Cavalry |
| 13:26 | Build | House |
| 13:30 | Create | Scout Cavalry |
| 13:35 | Build | House |
| 13:51 | Create | Villager (Male) |
| 13:53 | Build | House |
| 14:00 | Build | Farm |
| 14:01 | Build | Farm |
| 14:05 | Research | Forging |
| 14:17 | Create | Villager (Male) |
| 14:22 | Build | Farm |
| 14:42 | Build | Farm |
| 14:52 | Research | Scale Barding Armor |
| 14:53 | Create | Villager (Male) |
| 15:17 | Create | Villager (Male) |
| 15:18 | Create | Scout Cavalry |
| 15:39 | Build | Watch Tower |
| 15:41 | Create | Villager (Male) |
| 15:42 | Create | Scout Cavalry |
| 15:50 | Build | Farm |
| 15:53 | Build | Farm |
| 16:04 | Create | Scout Cavalry |
| 16:05 | Create | Villager (Male) |
| 16:13 | Research | Town Watch |
| 16:14 | Create | Scout Cavalry |
| 16:32 | Create | Villager (Male) |
| 16:33 | Create | Scout Cavalry |
| 16:45 | Create | Villager (Male) |
| 17:13 | Create | Scout Cavalry |
| 17:15 | Build | Stable |
| 17:16 | Create | Villager (Male) |
| 17:17 | Create | Scout Cavalry |
| 17:25 | Create | Scout Cavalry |
| 17:38 | Create | Scout Cavalry |
| 17:54 | Create | Villager (Male) |
| 17:55 | Create | Scout Cavalry |
| 17:55 | Create | Scout Cavalry |
| 17:55 | Create | Scout Cavalry |
| 18:17 | Create | Villager (Male) |
| 18:17 | Create | Scout Cavalry |
| 18:17 | Create | Scout Cavalry |
| 18:24 | Build | House |
| 18:29 | Create | Scout Cavalry |
| 18:29 | Create | Scout Cavalry |
| 18:30 | Create | Scout Cavalry |
| 18:40 | Build | Mining Camp |
| 18:59 | Create | Villager (Male) |
| 18:59 | Create | Scout Cavalry |
| 18:59 | Create | Scout Cavalry |
| 19:13 | Create | Scout Cavalry |
| 19:26 | Create | Villager (Male) |
| 19:39 | Create | Villager (Male) |
| 19:39 | Create | Villager (Male) |
| 19:48 | Build | Farm |
| 20:01 | Create | Villager (Male) |
| 20:01 | Create | Scout Cavalry |
| 20:02 | Create | Scout Cavalry |
| 20:18 | Create | Villager (Male) |
| 20:32 | Create | Scout Cavalry |
| 20:32 | Create | Scout Cavalry |
| 20:49 | Create | Villager (Male) |
| 21:10 | Research | Bloodlines |
| 21:10 | Research | Bloodlines |
| 21:38 | Create | Villager (Male) |
| 21:41 | Build | Farm |
| 21:45 | Create | Scout Cavalry |
| 21:45 | Create | Scout Cavalry |
| 21:53 | Build | Farm |
| 21:54 | Build | Farm |
| 22:01 | Create | Villager (Male) |
| 22:09 | Create | Scout Cavalry |
| 22:10 | Create | Scout Cavalry |
| 22:32 | Create | Scout Cavalry |
| 22:32 | Create | Scout Cavalry |
| 22:37 | Create | Villager (Male) |
Build order — hK | Romell13
First 150 of 321 actions detected
| 0:00 | Create | Villager (Male) |
| 0:01 | Create | Villager (Male) |
| 0:01 | Create | Villager (Male) |
| 0:02 | Build | House |
| 0:03 | Build | House |
| 0:06 | Create | Villager (Male) |
| 1:24 | Create | Villager (Male) |
| 1:49 | Create | Villager (Male) |
| 1:49 | Create | Villager (Male) |
| 1:54 | Build | Lumber Camp |
| 2:10 | Create | Villager (Male) |
| 2:33 | Create | Villager (Male) |
| 2:53 | Create | Villager (Male) |
| 3:39 | Create | Villager (Male) |
| 3:50 | Build | House |
| 4:04 | Create | Villager (Male) |
| 4:04 | Create | Villager (Male) |
| 4:23 | Create | Villager (Male) |
| 4:42 | Create | Villager (Male) |
| 4:43 | Create | Villager (Male) |
| 5:01 | Create | Villager (Male) |
| 5:32 | Create | Villager (Male) |
| 5:32 | Create | Villager (Male) |
| 5:43 | Create | Villager (Male) |
| 5:44 | Create | Villager (Male) |
| 5:49 | Build | House |
| 6:07 | Create | Villager (Male) |
| 6:07 | Create | Villager (Male) |
| 6:08 | Create | Villager (Male) |
| 6:34 | Build | Barracks |
| 6:44 | Build | Mining Camp |
| 6:49 | Research | Loom |
| 7:24 | Research | Feudal Age |
| 7:38 | Create | Militia |
| 7:38 | Create | Militia |
| 7:54 | Build | House |
| 7:59 | Create | Militia |
| 8:09 | Build | House |
| 8:10 | Build | Palisade Wall |
| 8:16 | Build | Palisade Gate |
| 8:24 | Create | Militia |
| 9:41 | Age | Feudal Age |
| 9:43 | Build | Archery Range |
| 9:45 | Create | Spearman |
| 9:46 | Build | House |
| 9:52 | Create | Villager (Male) |
| 9:53 | Create | Villager (Male) |
| 9:57 | Build | Palisade Wall |
| 9:59 | Create | Spearman |
| 10:04 | Research | Man-at-Arms (upgrade) |
| 10:14 | Build | Mill |
| 10:24 | Build | House |
| 10:48 | Build | Mill |
| 10:53 | Create | Villager (Male) |
| 11:03 | Build | Mill |
| 11:07 | Create | Archer |
| 11:07 | Create | Archer |
| 11:07 | Create | Archer |
| 11:23 | Create | Villager (Male) |
| 11:26 | Build | Farm |
| 11:26 | Build | Farm |
| 11:27 | Build | Farm |
| 11:27 | Build | Farm |
| 11:30 | Build | Farm |
| 11:31 | Build | Farm |
| 11:31 | Build | Farm |
| 11:36 | Create | Archer |
| 11:49 | Create | Villager (Male) |
| 12:01 | Build | Farm |
| 12:03 | Build | Farm |
| 12:08 | Build | Farm |
| 12:17 | Create | Archer |
| 12:22 | Build | Farm |
| 12:30 | Build | Farm |
| 12:33 | Create | Archer |
| 12:44 | Create | Villager (Male) |
| 12:54 | Build | House |
| 12:55 | Build | House |
| 13:00 | Create | Villager (Male) |
| 13:01 | Create | Villager (Male) |
| 13:11 | Create | Archer |
| 13:12 | Create | Spearman |
| 13:18 | Build | Farm |
| 13:25 | Create | Villager (Male) |
| 13:31 | Build | Palisade Wall |
| 13:36 | Create | Spearman |
| 13:38 | Create | Archer |
| 13:51 | Create | Villager (Male) |
| 13:51 | Create | Villager (Male) |
| 13:54 | Build | House |
| 13:55 | Build | Palisade Wall |
| 13:57 | Create | Spearman |
| 14:22 | Create | Spearman |
| 14:26 | Create | Villager (Male) |
| 14:26 | Create | Villager (Male) |
| 14:33 | Create | Archer |
| 14:39 | Create | Villager (Male) |
| 14:46 | Build | Blacksmith |
| 14:56 | Create | Archer |
| 14:59 | Create | Villager (Male) |
| 14:59 | Create | Villager (Male) |
| 15:00 | Create | Villager (Male) |
| 15:34 | Research | Fletching |
| 15:34 | Research | Fletching |
| 15:35 | Build | Farm |
| 15:36 | Create | Archer |
| 15:39 | Create | Spearman |
| 15:45 | Build | Farm |
| 15:45 | Create | Villager (Male) |
| 15:46 | Create | Villager (Male) |
| 15:46 | Create | Villager (Male) |
| 15:51 | Create | Archer |
| 16:04 | Create | Villager (Male) |
| 16:09 | Build | House |
| 16:11 | Build | House |
| 16:16 | Create | Spearman |
| 16:32 | Create | Archer |
| 16:35 | Create | Villager (Male) |
| 16:35 | Create | Villager (Male) |
| 16:40 | Build | Farm |
| 16:42 | Build | Farm |
| 16:52 | Create | Archer |
| 16:53 | Create | Spearman |
| 17:03 | Research | Scale Mail Armor |
| 17:03 | Research | Scale Mail Armor |
| 17:05 | Build | Farm |
| 17:13 | Create | Villager (Male) |
| 17:13 | Create | Villager (Male) |
| 17:13 | Create | Villager (Male) |
| 17:19 | Create | Archer |
| 17:23 | Build | Lumber Camp |
| 17:26 | Create | Villager (Male) |
| 17:28 | Create | Spearman |
| 17:47 | Build | House |
| 17:53 | Build | Palisade Wall |
| 18:00 | Create | Villager (Male) |
| 18:19 | Create | Villager (Male) |
| 18:37 | Build | Lumber Camp |
| 19:19 | Create | Villager (Male) |
| 19:21 | Create | Spearman |
| 19:22 | Create | Spearman |
| 19:24 | Create | Villager (Male) |
| 19:51 | Create | Villager (Male) |
| 19:59 | Create | Spearman |
| 20:00 | Create | Spearman |
| 20:07 | Create | Villager (Male) |
| 20:15 | Build | Palisade Wall |
| 20:17 | Build | House |
| 20:32 | Create | Villager (Male) |
| 20:36 | Create | Spearman |
Match timeline
| 6:34 | hK | Romell13 · first_building Barracks |
| 8:02 | XEVER | Rivux · age_up feudal |
| 8:04 | XEVER | Rivux · first_building Stable |
| 8:10 | hK | Romell13 · wall_segment Palisade Wall x1 |
| 9:41 | hK | Romell13 · age_up feudal |
| 9:43 | hK | Romell13 · first_building Archery Range |
| 9:57 | hK | Romell13 · wall_segment Palisade Wall x1 |
| 11:54 | XEVER | Rivux · wall_segment Palisade Wall x1 |
| 11:57 | XEVER | Rivux · wall_segment Palisade Wall x1 |
| 11:58 | XEVER | Rivux · wall_segment Palisade Wall x1 |
| 12:01 | XEVER | Rivux · wall_segment Palisade Wall x1 |
| 13:31 | hK | Romell13 · wall_segment Palisade Wall x10 |
| 13:55 | hK | Romell13 · wall_segment Palisade Wall x1 |
| 17:53 | hK | Romell13 · wall_segment Palisade Wall x1 |
| 20:15 | hK | Romell13 · wall_segment Palisade Wall x6 |
| 25:55 | hK | Romell13 · first_market_buy 100 food |
| 25:56 | hK | Romell13 · first_market_sell 100 wood |
| 27:14 | XEVER | Rivux · first_building Archery Range |
| 28:48 | hK | Romell13 · first_building Stable |
| 28:54 | hK | Romell13 · age_up castle |
| 30:50 | hK | Romell13 · wall_segment Palisade Wall x1 |
| 30:53 | hK | Romell13 · wall_segment Palisade Wall x1 |
| 37:37 | hK | Romell13 · wall_segment Palisade Wall x1 |
| 38:20 | hK | Romell13 · wall_segment Palisade Wall x1 |
| 40:27 | XEVER | Rivux · resign |
[ AI ANALYSIS · 1 CREDIT ]
What really happened in this match?
Wolo.gg analyzes every decision: build order, eco, micro, common mistakes by bracket. Personalized analysis on WhatsApp or Discord in 30 seconds.
Civ guide
Khmer
Perfil
Jugador #3035292